 Dungeon Crawl Stone Soup version 0.22.1-2-g9c5b331 (webtiles) character file.

704 Lui the Chopper (level 7, 0/54 HPs)
             Began as a Demonspawn Chaos Knight on Dec 28, 2018.
             Slain by a bullfrog (4 damage)
             ... on level 7 of the Dungeon.
             The game lasted 00:30:19 (1738 turns).

Lui the Chopper (Demonspawn Chaos Knight)           Turns: 1738, Time: 00:30:21

Health: 0/54       AC:  7    Str: 17    XL:     7   Next: 39%
Magic:  7/7        EV: 10    Int: 14    God:    Xom [...*..]
Gold:   57         SH:  0    Dex: 14    Spells: 6/6 levels left

rFire    . . .     SeeInvis .   a - +0 hand axe (chaos)
rCold    . . .     Gourm    .   (no shield)
rNeg     . . .     Faith    .   e - +0 scale mail
rPois    .         Spirit   .   (no helmet)
rElec    .         Reflect  .   (no cloak)
rCorr    .         Harm     .   (no gloves)
MR       .....                  (no boots)
Stlth    ..........             (no amulet)
HPRegen  0.18/turn              (no ring)
MPRegen  0.10/turn              (no ring)

@: mighty, lethally poisoned (0 -> -4)
A: talons 1, demonic guardian 2
a: Renounce Religion


You were on level 7 of the Dungeon.
You worshipped Xom.
You were a favourite toy of Xom.
You were full.

You visited 2 branches of the dungeon, and saw 6 of its levels.

You collected 57 gold pieces.

Inventory:

Hand Weapons
 a - a +0 hand axe of chaos (weapon)
 j - a +0 giant spiked club
Armour
 e - a +0 scale mail (worn)
 k - a +0 cloak
Wands
 c - a wand of disintegration (13)
 i - a wand of acid (8)
Scrolls
 b - 5 scrolls of identify
Comestibles
 g - 2 rations


   Skills:
 + Level 4.3 Fighting
 + Level 5.4 Axes
 + Level 4.4 Armour
 + Level 2.2 Dodging
 + Level 1.3 Stealth


You had 6 spell levels left.
You didn't know any spells.
Your spell library was empty.

Dungeon Overview and Level Annotations

Branches:
Dungeon (7/15)             Temple (1/1) D:7

Altars:
Ashenzari
Cheibriados
Dithmenos
Hepliaklqana
Kikubaaqudgha
Makhleb
Nemelex Xobeh
Qazlal
Sif Muna
Trog
Wu Jian
Xom
Yredelemnul
The Shining One


Innate Abilities, Weirdness & Mutations

You have sharp toenails.
A demonic guardian rushes to your aid.


Message History

The acid corrodes your soul eater!
Your soul eater is burned by acid!
* * * LOW HITPOINT WARNING * * *
You feel sick.
The bullfrog swells and bulges.
Your soul eater hits the jelly!!
The jelly dies!
A hound zombie comes into view.
You miss the bullfrog.
* * * LOW HITPOINT WARNING * * *
You feel sick.
The bullfrog hits you but does no damage.
Your soul eater completely misses the bullfrog.
You slash the bullfrog! Your kick misses the bullfrog.
The bullfrog is moderately wounded.
* * * LOW HITPOINT WARNING * * *
You feel sick. The bullfrog barely misses you.
The orc barely misses your soul eater. The bullfrog hits you.
You die... "I guess I need a new plaything now."

...## ....## ...
.....# #..## ## .....#
...# .... .....# #..##
...# ..._.##
...###...# .(....#
#...#....#. ####...#
#.......... # # #...#
#@Fo....###.# # #...#
#####3o..Z..... #...#
#......†#...# J
#................#
###$ ###
.......###......#..$o.
.. .#### ##........# G
###.### ##...###.#Z
##.....## .##
##......#
#.......#...#
#...#.....


You could see a bullfrog, 2 orcs, a hound zombie and a friendly soul eater.

Vanquished Creatures
  A hungry ghost (D:7)
  Purgy (D:3)
  An orc warrior (D:7)
  A wolf (shapeshifter) (D:3)
  A hound (D:7)
  2 jellies (D:7)
  A centaur skeleton (D:7)
  Natasha (D:3)
  Terence (D:3)
  An iguana (D:4)
  2 adders
  A worm (D:2)
  4 dart slugs
  An orc (D:7)
  2 bats (D:2)
  2 giant cockroaches
  3 goblins
  3 hobgoblins
  4 kobolds
  2 quokkas (D:2)
  A ball python (D:4)
  2 frilled lizards
  2 rats (D:2)
40 creatures vanquished.

Vanquished Creatures (collateral kills)
  A hungry ghost (D:7)
  An ogre (D:4)
  A jelly (D:7)
  A worker ant (D:4)
  Robin (D:4)
  An orc (D:7)
  6 goblins (D:4)
  2 hobgoblins (D:4)
  2 jackals (D:4)
  A quokka (D:7)
17 creatures vanquished.

Grand Total: 57 creatures vanquished

Notes
Turn   | Place    | Note
-------+----------+-------------------------------------------
     0 | D:1      | Lui the Demonspawn Chaos Knight began the quest for the
                  | Orb.
     0 | D:1      | Reached XP level 1. HP: 18/18 MP: 1/1
    53 | D:1      | XOM: divination: detect items
   103 | D:1      | XOM: harmless Conj miscast
   107 | D:1      | Reached skill level 3 in Axes
   107 | D:1      | Gained mutation: A weak demonic guardian rushes to your
                  | aid. [demonic ancestry]
   107 | D:1      | Reached XP level 2. HP: 22/24 MP: 2/2
   391 | D:2      | Reached skill level 1 in Dodging
   402 | D:2      | Reached XP level 3. HP: 25/29 MP: 3/3
   456 | D:3      | XOM: harmless Tmut miscast
   514 | D:3      | Noticed Natasha
   529 | D:3      | Killed Natasha
   563 | D:3      | Noticed Terence
   571 | D:3      | Killed Terence
   571 | D:3      | Reached XP level 4. HP: 34/37 MP: 4/4
   634 | D:3      | Noticed Purgy
   643 | D:3      | Killed Purgy
   643 | D:3      | Reached skill level 4 in Axes
   643 | D:3      | Gained mutation: You have sharp toenails. [demonic
                  | ancestry]
   643 | D:3      | Reached XP level 5. HP: 35/42 MP: 5/5
   696 | D:3      | Found a shimmering altar of Xom.
   711 | D:3      | Found a shimmering altar of Xom.
   715 | D:3      | Found a shimmering altar of Xom.
   733 | D:3      | Noticed Ijyb
   737 | D:3      | XOM: confuse monster(s)
   738 | D:3      | Ijyb changed into Ijyb the gnoll
   738 | D:3      | XOM: polymorph Ijyb -> Ijyb the gnoll
   743 | D:3      | Noticed Ijyb
   743 | D:3      | Ijyb the bullfrog changed into Ijyb the ogre
   746 | D:3      | Noticed Ijyb
   746 | D:3      | Ijyb the ogre changed into Ijyb the wolf
   749 | D:3      | Killed Ijyb the wolf
   770 | D:4      | Noticed an ogre
   773 | D:4      | XOM: summons 5 friendly demons
   781 | D:4      | Killed an ogre
   781 | D:4      | Gained mutation: A demonic guardian rushes to your aid.
                  | [demonic ancestry]
   781 | D:4      | Reached XP level 6. HP: 28/48 MP: 6/6
   783 | D:4      | Noticed Robin
   787 | D:4      | Killed Robin
   836 | D:4      | Found a bloodstained altar of Trog.
   904 | D:4      | You fall through a shaft for 3 floors!
   904 | D:7      | Found a stormy altar of Qazlal.
   909 | D:7      | Noticed a hungry ghost
   926 | D:7      | Killed a hungry ghost
   926 | D:7      | Reached skill level 5 in Axes
   926 | D:7      | Reached skill level 1 in Stealth
  1019 | D:7      | Found a staircase to the Ecumenical Temple.
  1025 | D:7      | Reached XP level 7. HP: 40/54 MP: 7/7
  1038 | D:7      | Noticed a hungry ghost
  1042 | D:7      | Killed a hungry ghost
  1111 | D:7      | XOM: scenery: create altars
  1349 | D:7      | XOM: divination: detect creatures
  1354 | Temple   | Entered the Ecumenical Temple
  1440 | Temple   | XOM: 4-stop teleportation journey
  1726 | D:7      | XOM: 4-stop teleportation journey
  1738 | D:7      | Slain by a bullfrog

Skill      XL: |  1  2  3  4  5  6  7 |
---------------+----------------------+-----
Axes           | 3 4 5 |  5.4
Dodging        | 1 2 |  2.2
Armour         | 2 3 4 |  4.4
Fighting       | 4 |  4.3
Stealth        | 1 |  1.3

Action                   |  1- 3 |  4- 6 |  7- 9 || total
-------------------------+-------+-------+-------++-------
Melee: Hand axe          |    92 |    53 |    21 ||   166
       Kick              |       |    12 |     6 ||    18
Evoke: Wand              |       |       |     2 ||     2
  Use: Scroll            |     3 |       |       ||     3
       Potion            |       |     5 |     3 ||     8
 Stab: Paralysed         |     1 |       |       ||     1
       Distracted        |       |     1 |       ||     1
  Eat: Ration            |       |     2 |     2 ||     4
Armor: Scale mail        |    39 |    35 |     7 ||    81
       Skin              |       |       |    21 ||    21
Dodge: Dodged            |    46 |    21 |    10 ||    77
